Map: Interloper LE

Players

Yata - Winner!

  • Race: Zerg Zerg
  • League: Platinum
  • Spawn Location: 5:00

Zefir

  • Race: Terran Terran
  • League: Platinum
  • Spawn Location: 11:00

VOD

Have the link to the VOD?

Description

Time

  • Played on: Nov. 4, 2017, 2:05 p.m.
  • Length: 14:44
Show
View Real Time Build Order
Export as new Build Order

Yata Zerg - Winner!

Build Orders: Hatch First 

Get SALT Encoding   

  12  0:01  Drone  
  13  0:12  Overlord  
  13  0:17  Drone  
  14  0:31  Drone x2  
  14  0:35  Drone  
  17  0:53  Hatchery  
  17  0:56  Drone  
  17  0:59  Drone  
  18  1:09  Extractor  
  17  1:16  Spawning Pool  
  16  1:18  Drone  
  16  1:22  Drone  
  18  1:28  Drone  
  19  1:38  Overlord  
  19  1:50  Drone  
  20  2:01  Drone  
  21  2:03  Queen  
  21  2:05  Queen  
  25  2:11  Zergling x2  
  25  2:12  Zergling x2  
  25  2:13  Metabolic Boost  
  27  2:17  Drone  
  27  2:22  Zergling x2  
  29  2:27  Drone  
  29  2:28  Evolution Chamber  
  29  2:56  Baneling Nest  
  29  2:57  Drone x4  
  29  2:58  Drone  
  33  3:12  Overlord x3  
  33  3:16  Pneumatized Carapace  
  34  3:20  Zergling x6  
  36  3:39  Drone  
  36  3:40  Drone x4  
  41  3:42  Drone  
  42  3:52  Baneling x3  
  42  3:54  Baneling  
  42  3:56  Hatchery  
  41  4:04  Zergling x4  
  41  4:05  Zergling x4  
  41  4:07  Drone x3  
  44  4:19  Queen  
  46  4:24  Baneling x3  
  46  4:29  Drone x5  
  51  4:35  Drone  
  51  4:36  Extractor, Drone  
  52  4:49  Zergling x4  
  54  4:55  Queen  
  56  5:02  Drone x5  
  59  5:07  Overlord x2  
  59  5:19  Overlord x4  
  59  5:31  Drone x5  
  59  5:32  Drone x2  
  59  5:34  Zergling x2  
  67  5:36  Lair  
  67  5:40  Zergling x2  
  68  5:48  Zergling x4  
  70  5:52  Zergling x2  
  70  5:53  Zergling x6  
  56  6:18  Zergling x2  
  56  6:19  Zergling x26  
  69  6:43  Drone x4  
  69  6:44  Drone x2  
  74  7:11  Zergling x2  
  74  7:12  Zergling x18, Hydralisk Den  
  74  7:14  Hatchery  
  82  7:20  Queen  
  82  7:21  Queen  
  82  7:22  Queen  
  86  7:24  Zerg Melee Weapons Level 1  
  85  7:32  Baneling  
  85  7:33  Baneling x5  
  85  7:49  Spore Crawler  
  84  7:51  Hydralisk x3  
  84  7:52  Hydralisk x3  
  84  7:55  Muscular Augments  
  84  7:56  Overlord x5  
  84  7:57  Overlord x2  
  96  7:59  Zergling x2  
  97  8:14  Queen  
  99  8:31  Zergling x8  
  99  8:32  Zergling x14  
  110  8:36  Queen  
  112  8:43  Spore Crawler  
  112  8:44  Spore Crawler  
  112  8:46  Spore Crawler  
  108  9:10  Hydralisk  
  108  9:11  Hydralisk x10  
  124  9:36  Hydralisk  
  124  9:37  Hydralisk  
  128  9:39  Zergling x2  
  128  9:40  Zergling x16  
  137  9:55  Drone x3  
  137  9:56  Drone x2  
  142  10:01  Zerg Melee Weapons Level 2  
  142  10:08  Zergling x6  
  142  10:24  Baneling  
  142  10:25  Baneling x3  
  142  10:30  Overlord x7  
  142  10:35  Extractor  
  141  10:37  Extractor  
  141  10:40  Extractor  
  139  10:47  Baneling x4  
  139  10:48  Baneling  
  139  10:56  Zergling x30  
  154  11:09  Zergling x2  
  154  11:10  Zergling x12  
  161  11:12  Baneling x6  
  161  11:13  Baneling x2  
  161  11:25  Infestation Pit  
  136  11:35  Zergling x2  
  136  11:36  Zergling x20  
  119  11:43  Drone x2  
  119  11:47  Zergling x4  
  123  11:52  Zergling x2  
  121  12:01  Zergling x2  
  98  12:03  Zergling x14  
  98  12:04  Zergling x6  
  99  12:11  Overseer x3  
  99  12:14  Zergling x2  
  99  12:15  Zergling x8  
  102  12:19  Zergling x2  
  103  12:23  Baneling  
  103  12:24  Baneling x19  
  103  12:25  Zergling x2  
  103  12:26  Zergling x12  
  103  12:27  Zergling x6  
  113  12:37  Drone x4  
  117  12:42  Zergling x6  
  113  12:52  Zergling x6  
  113  12:57  Hatchery  
  115  13:00  Zergling x16  
  115  13:04  Drone x3  
  126  13:09  Zergling x6  
  129  13:14  Drone  
  130  13:22  Hive  
  130  13:25  Evolution Chamber  
  129  13:28  Zergling x12, Evolution Chamber  
  129  13:29  Zergling x4  
  136  13:36  Zergling x2  
  135  13:44  Zergling x2, Hatchery  
  135  13:45  Zergling x6  
  138  13:51  Queen  
  140  14:01  Hydralisk x10  
  146  14:20  Zergling x4  
  146  14:21  Zergling x16  
Show
View Real Time Build Order
Export as new Build Order

Zefir Terran 

Build Orders: Reaper Expand 

Get SALT Encoding   

  12  0:02  SCV  
  13  0:14  SCV  
  14  0:18  Supply Depot  
  14  0:26  SCV  
  15  0:40  SCV  
  15  0:42  Barracks  
  16  0:48  Refinery  
  16  0:52  SCV  
  18  1:04  SCV  
  18  1:16  SCV  
  19  1:28  Orbital Command  
  19  1:34  Reaper  
  20  1:42  Command Center  
  21  1:54  SCV  
  21  2:02  Barracks  
  21  2:06  SCV  
  22  2:08  Supply Depot  
  22  2:11  Barracks Reactor  
  22  2:20  SCV  
  23  2:28  Refinery  
  23  2:32  Factory  
  23  2:42  SCV  
  24  2:49  Marine x2  
  26  2:55  Barracks Tech Lab  
  26  3:00  Orbital Command  
  26  3:01  SCV  
  27  3:09  Marine x2  
  29  3:14  SCV  
  29  3:17  Marine, Stimpack  
  29  3:19  Factory Reactor  
  31  3:30  SCV x2  
  31  3:32  Marine x2  
  35  3:35  Marine  
  35  3:39  Starport  
  36  3:44  SCV x2  
  38  3:55  Supply Depot  
  38  3:59  SCV x2  
  38  4:01  Marine x3  
  43  4:05  Engineering Bay  
  42  4:19  Marine, SCV x2  
  42  4:20  Supply Depot  
  45  4:27  Marine x2  
  47  4:32  Medivac x2  
  47  4:33  SCV x2  
  53  4:40  Supply Depot  
  53  4:43  Marine, Engineering Bay  
  53  4:45  SCV, Marine  
  55  4:46  SCV  
  57  4:58  SCV  
  51  5:09  SCV  
  51  5:10  SCV  
  51  5:13  Supply Depot  
  53  5:21  SCV  
  53  5:23  Medivac x2  
  53  5:24  Marine  
  53  5:25  Marine  
  53  5:26  Marine  
  53  5:27  SCV  
  62  5:34  SCV  
  63  5:42  Marine  
  63  5:43  SCV  
  63  5:46  Refinery  
  63  5:47  Refinery  
  65  5:52  Command Center  
  65  5:55  SCV x2  
  65  5:56  Marine  
  59  6:25  Marine  
  59  6:26  Marine x2  
  62  6:43  Marine x2  
  62  6:44  Marine  
  64  6:51  Liberator  
  64  6:53  Liberator  
  64  7:01  Marine x2  
  68  7:12  Orbital Command  
  72  7:17  Factory Reactor, Barracks x2  
  72  7:18  Barracks  
  72  7:38  SCV x2  
  72  7:42  Orbital Command  
  74  7:48  Marauder  
  76  8:01  Marine x2  
  78  8:09  Marine  
  78  8:11  Liberator, Widow Mine x2  
  83  8:17  SCV x2  
  83  8:19  Marine x2  
  87  8:23  Terran Infantry Weapons Level 1  
  87  8:27  Marine  
  87  8:30  Barracks Tech Lab  
  87  8:31  Barracks Tech Lab  
  87  8:32  Barracks Reactor  
  91  8:36  Supply Depot x3  
  91  8:37  Marine x2  
  91  8:38  Supply Depot  
  91  8:40  Liberator  
  93  8:57  Marine  
  97  9:06  Marine x2, Marauder x2  
  103  9:15  Marine  
  101  9:22  Marine x2  
  101  9:23  SCV x3  
  101  9:24  Marine x2  
  107  9:25  Widow Mine  
  107  9:26  Widow Mine  
  107  9:27  Marine, Marauder  
  107  9:29  Terran Infantry Armor Level 1  
  112  9:33  Marauder  
  112  9:34  Armory  
  112  9:37  Supply Depot  
  114  9:39  Supply Depot  
  114  9:41  Supply Depot  
  116  9:45  Marauder  
  116  9:49  Marauder  
  118  9:53  Barracks  
  118  9:54  Widow Mine  
  118  9:56  SCV  
  118  9:57  SCV  
  122  10:02  SCV  
  123  10:12  Liberator x2  
  123  10:27  Marine, Marauder x2  
  123  10:28  Marine x2, Marauder  
  132  10:33  Widow Mine x2  
  142  10:41  SCV  
  142  10:42  SCV x2  
  145  10:43  Supply Depot  
  145  10:44  Supply Depot  
  145  10:49  Marauder  
  147  10:53  SCV  
  147  10:54  SCV  
  147  10:56  Refinery  
  149  11:00  Refinery  
  149  11:06  Marine x2, Marauder x2  
  149  11:07  Marine  
  149  11:10  Marauder  
  123  11:53  Marine, Marauder  
  123  11:54  Marauder  
  101  12:08  Liberator x2  
  101  12:10  Marine x2, Marauder  
  105  12:19  Marine x2, Marauder  
  105  12:20  Marauder  
  105  12:21  Widow Mine x2  
  115  12:27  Marine  
  115  12:28  SCV x3, Marine  
  126  12:31  Marine  
  126  12:35  Supply Depot  
  127  12:37  Marine  
  127  12:39  Barracks Tech Lab  
  127  12:40  SCV x2  
  127  12:41  Marauder  
  103  13:02  Liberator x2  
  103  13:03  Marine, Marauder x3  
  103  13:04  Marine x3  
  119  13:20  Widow Mine  
  119  13:21  Marine  
  119  13:22  Marine x3  
  119  13:23  SCV x2  
  119  13:24  Marauder x2  
  119  13:25  Marauder  
  133  13:39  Marine x4  
  137  13:46  Marauder x3  
  143  13:54  Marauder  
  143  13:55  Widow Mine x2  
  145  13:57  Marine x4  
  153  14:05  Command Center  
  153  14:07  Marauder  
Tags
 
Add a new tag
Caveats
  • Supply blocks, unpowered buildings, or Contaminate may cause inaccurate times.
  • Supply counts are checked every 10 seconds.